 Dungeon Crawl Stone Soup version 0.26.0-10-g1f06aea511 (webtiles) character file.

Game seed: 10084472745997103990

103 wakim the Chiller (level 4, -10/24 HPs)
             Began as a Deep Elf Ice Elementalist on Jan 28, 2021.
             Mangled by an ogre
             ... wielding a +0 giant club
              (12 damage)
             ... on level 3 of the Dungeon.
             The game lasted 00:12:04 (1846 turns).

wakim the Chiller (Deep Elf Ice Elementalist)       Turns: 1846, Time: 00:12:04

Health: -10/24     AC: 10    Str:  6    XL:     4   Next: 51%
Magic:  3/11       EV: 13    Int: 20    God:
Gold:   134        SH:  4    Dex: 15    Spells: 3/10 levels left

rFire    . . .     SeeInvis .   w - +2 hand axe (elec)
rCold    . . .     Faith    .   n - +0 buckler
rNeg     . . .     Spirit   .   b - +0 robe
rPois    .         Reflect  .   (no helmet)
rElec    .         Harm     .   (no cloak)
rCorr    .         Rampage  .   (no gloves)
Will     .....                  q - +0 pair of boots
Stlth    ++........             (no amulet)
HPRegen  0.08/turn              (no ring)
MPRegen  0.12/turn              (no ring)

@: icy armour, frozen ramparts
A: no striking features
a: no special abilities


You were on level 3 of the Dungeon.
You visited 1 branch of the dungeon, and saw 3 of its levels.

You collected 134 gold pieces.

Inventory:

Hand Weapons
 a - a +0 dagger
 w - a +2 hand axe of electrocution (weapon)
Missiles
 r - 2 atropa-tipped darts
 s - 12 poisoned darts
Armour
 b - a +0 robe (worn)
 n - a +0 buckler (worn)
 q - a +0 pair of boots (worn)
 v - a +0 robe
Scrolls
 d - 2 scrolls of teleportation {unknown}
 e - a scroll of immolation {unknown}
 g - 3 scrolls of random uselessness {unknown}
 i - 2 scrolls of identify {unknown}
 j - a scroll of remove curse {unknown}
 k - 2 scrolls of fog {unknown}
 m - a scroll of amnesia {unknown}
 o - 2 scrolls of blinking {unknown}
Potions
 c - a potion of brilliance {unknown}
 f - 4 potions of curing {unknown}
 h - a potion of lignification {unknown}
 l - a potion of haste {unknown}
 p - a potion of attraction {unknown}
 t - a potion of magic {unknown}
 u - 2 potions of flight {unknown}


   Skills:
 + Level 3.2 Dodging
 - Level 2.4 Stealth
 * Level 1.5 Shields
 + Level 3.8 Spellcasting
 * Level 5.3 Ice Magic


You had 3 spell levels left.
You knew the following spells:

 Your Spells              Type           Power        Failure   Level
a - Freeze                Ice            100%         1%          1
b - Ozocubu's Armour      Ice            25%          6%          3
c - Frozen Ramparts       Ice            50%          6%          3

Your spell library contained the following spells:

 Spells                   Type           Power        Failure   Level
 Hailstorm                Conj/Ice       14%          52%         4
 Summon Ice Beast         Ice/Summ       14%          52%         4


Dungeon Overview and Level Annotations

Branches:
Dungeon (3/15)

Altars:

Annotations:
D:3 Grinder


Message History

The wall freezes the ogre.
The ogre closely misses you.
Casting: Frozen Ramparts (quite dangerous; 6% risk of failure)
Confirm with . or Enter, or press ? or * to list all spells.
Aiming: Freeze (safe; 1% risk of failure)
Press: ? - help, Shift-Dir - straight line, f - ogre
Aim: an ogre, wielding a +0 giant club (heavily wounded)
You freeze the ogre!
The ogre is almost dead.
The wall freezes the rat.
You kill the rat!
Casting: Freeze (safe; 1% risk of failure)
Confirm with . or Enter, or press ? or * to list all spells.
Aiming: Freeze (safe; 1% risk of failure)
Press: ? - help, Shift-Dir - straight line, f/p - ogre
Aim: an ogre, wielding a +0 giant club (almost dead)
You freeze the ogre.
The ogre is almost dead.
The wall freezes the ogre.
The ogre hits you with a +0 giant club!
Ouch! That really hurt!
You die...

##.#####.# ..
#....))..# .#
#..####### .. #..# .#
#..#### .# #.....##
##.### #......# #....
#......# #.O#
##.....# ##@.#####
#.....######<......#
#..............##...#
#.....######...# ...
##...## ###.# # ##.##
.# #.# .# #.# .. #.#
#


You could see an ogre.

Vanquished Creatures
  An orc wizard (D:3)
  3 adders
  A worm (D:2)
  A dart slug (D:2)
  A leopard gecko (D:2)
  6 orcs (D:3)
  5 giant cockroaches
  4 goblins
  3 hobgoblins (D:3)
  A jackal (D:3)
  A quokka (D:2)
  2 ball pythons
  3 bats
  2 frilled lizards
  3 kobolds
  2 rats
39 creatures vanquished.

Notes
Turn   | Place    | Note
-------+----------+-------------------------------------------
     0 | D:1      | wakim the Deep Elf Ice Elementalist began the quest for the
                  | Orb.
     0 | D:1      | Reached XP level 1. HP: 10/10 MP: 6/6
   614 | D:2      | Reached XP level 2. HP: 15/15 MP: 4/8
  1110 | D:2      | Reached XP level 3. HP: 19/19 MP: 6/9
  1269 | D:2      | Reached skill level 5 in Ice Magic
  1412 | D:3      | Noticed an ogre
  1475 | D:2      | Learned a level 3 spell: Ozocubu's Armour
  1479 | D:2      | Learned a level 3 spell: Frozen Ramparts
  1486 | D:3      | Noticed Grinder
  1498 | D:3      | Reached skill level 1 in Shields
  1499 | D:3      | Reached XP level 4. HP: 16/24 MP: 2/11
  1843 | D:3      | HP: 1/24 [ogre/+0 giant club (17)]
  1846 | D:3      | Mangled by an ogre

Illustrated notes

Levels and vault maps discovered:
D:1:      lightli_arrival_flooded_house, layout_basic, patterned_corridor
D:2:      layout_loops_ring
D:3:      layout_loops_ring, tgw_trog, uniq_robin, uniq_grinder

Skill      XL: |  1  2  3 |
---------------+----------+-----
Dodging        | 3 |  3.2
Ice Magic      | 5 |  5.3
Shields        | 1 |  1.5
Stealth        | |  2.4
Spellcasting   | |  3.8

Action                   |  1- 3 |  4- 6 || total
-------------------------+-------+-------++-------
Melee: Dagger            |     7 |     1 ||     8
       Hand axe          |       |     1 ||     1
 Cast: Freeze            |    31 |    13 ||    44
       Frozen Ramparts   |     1 |     3 ||     4
       Ozocubu's Armour  |     1 |     2 ||     3
 Stab: Sleeping          |     5 |     1 ||     6
Armor: Robe              |     4 |     1 ||     5
Dodge: Dodged            |    12 |     8 ||    20
